 Dungeon Crawl Stone Soup version 0.30-a0-1082-g70414cbcbb (webtiles) character file.

Game seed: 17242766466790316548

14938 gelatine the Frost Mage (level 11, 0/81 HPs)
             Began as a Demonspawn Ice Elementalist on Apr 16, 2023.
             Slain by a six-headed hydra (5 damage)
             ... while petrified by a basilisk
             ... on level 2 of the Lair of Beasts.
             The game lasted 00:44:24 (12284 turns).

gelatine the Frost Mage (DsIE)                     Turns: 12284, Time: 00:44:25

Health: 0/81       AC: 21    Str:  9    XL:     11   Next: 95%
Magic:  22/22      EV:  2    Int: 26    God:
Gold:   314        SH:  0    Dex: 25    Spells: 14/25 levels left

rFire   . . .      SeeInvis .    h - +2 short sword (heavy)
rCold   . . .      Faith    .    u - orb {light}
rNeg    + + +      Spirit   .    R - +0 troll leather armour
rPois   ∞          Reflect  .    y - +0 helmet
rElec   .          Rampage  .    m - +2 cloak {rCorr}
rCorr   +                        (no gloves)
Will    .....                    o - +1 pair of boots
Stlth   ++                       H - amulet "Itarghit" {RegenMP Int+3}
HPRegen 1.13/turn                c - +6 ring of dexterity
MPRegen 0.76/turn                A - ring of the Everdark {Int+2 Dex+6}

@: ice-armoured, petrified, glowing, studying Short Blades
A: thin metallic scales 2, powered by pain 2, magic regeneration, weakness
stinger 1, sense surroundings 1
a: no special abilities


You were on level 2 of the Lair of Beasts.
You visited 3 branches of the dungeon, and saw 14 of its levels.
You also visited: Sewer.

You collected 572 gold pieces.
You spent 258 gold pieces at shops.

Inventory:

Hand Weapons
 h - a +2 heavy short sword (weapon)
 W - the +3 long sword "Jibueh" {protect, rElec rPois rF+ rC-}
   (You found it on level 1 of the Lair of Beasts)

   rF:        It protects you from fire.
   rC:        It makes you vulnerable to cold.
   rElec:     It insulates you from electricity.
   rPois:     It protects you from poison.
Armour
 a - a +0 robe
 m - a +2 cloak of preservation (worn)
 o - a +1 pair of boots (worn)
 u - an orb of light (worn)
 y - a +0 helmet (worn)
 J - the orb of Topnit {*Rage, Contam rPois Slay+6 SInv}
   (You found it on level 8 of the Dungeon)

   Slay:      It affects your accuracy & damage with ranged weapons and melee
   (+6).
   rPois:     It protects you from poison.
   SInv:      It lets you see invisible.
   Contam:    It causes magical contamination when unequipped.
 L - a +1 leather armour of fire resistance
 M - a +1 robe of willpower
 N - a +0 robe of positive energy
 P - the +5 plate armour of Vehumet's Displeasure {rPois MP-9 Str+6 Stlth+}
   (You found it on level 9 of the Dungeon)

   Str:       It affects your strength (+6).
   rPois:     It protects you from poison.
   MP:        It affects your magic capacity (-9).
   Stlth:     It makes you more stealthy.
 R - a +0 troll leather armour (worn)
Jewellery
 c - a +6 ring of dexterity (left hand)
 j - a ring of protection from fire
 l - an amulet of regeneration
 n - a ring of see invisible
 A - the ring of the Everdark (right hand) {Int+2 Dex+6}
   (You took it off an orc wizard on level 5 of the Dungeon)

   [ring of dexterity]

   Int:       It affects your intelligence (+2).
   Dex:       It affects your dexterity (+6).
 C - a +6 ring of strength
 E - a ring of poison resistance
 H - the amulet "Itarghit" (around neck) {RegenMP Int+3}
   (You found it on level 7 of the Dungeon)

   [amulet of magic regeneration]

   It increases your rate of magic regeneration.
   Int:       It affects your intelligence (+3).
Wands
 k - a wand of quicksilver (5)
 s - a wand of iceblast (17)
 v - a wand of paralysis (7)
 x - a wand of polymorph (10)
 U - a wand of flame (8)
Scrolls
 e - 4 scrolls of amnesia
 f - 3 scrolls of identify
 g - 8 scrolls of teleportation
 i - 3 scrolls of noise
 p - a scroll of blinking
 z - a scroll of vulnerability
 B - 5 scrolls of enchant weapon
 D - a scroll of immolation
 G - a scroll of summoning
 I - 2 scrolls of fear
 Q - a scroll of fog {unknown}
Potions
 b - 2 potions of magic
 d - 4 potions of heal wounds
 r - 2 potions of flight
 t - 2 potions of invisibility
 w - a potion of cancellation
 F - 2 potions of curing
 K - 2 potions of haste {unknown}
 O - a potion of brilliance {unknown}
 S - a potion of berserk rage {unknown}
 T - a potion of attraction
 V - a potion of lignification {unknown}
Miscellaneous
 q - a piece from Xom's chessboard (14/15)


   Skills:
 * Level 5.9 Fighting
 * Level 7.7 Short Blades
 * Level 3.4 Armour
 * Level 5.7 Dodging
 * Level 6.3 Stealth
 + Level 7.8 Spellcasting
 * Level 5.6 Summonings
 * Level 10.3 Ice Magic
 * Level 3.6 Evocations


You had 14 spell levels left.
You knew the following spells:

 Your Spells              Type           Power      Damage    Failure   Level
a - Freeze                Ice            100%       1d10      1%          1
b - Frozen Ramparts       Ice            100%       1d16      1%          3
c - Ozocubu's Armour      Ice            59%        N/A       1%          3
d - Summon Ice Beast      Ice/Summ       51%        N/A       3%          4

Your spell library contained the following spells:

 Spells                   Type           Power      Damage    Failure   Level
 Summon Small Mammal      Summ           100%       N/A       1%          1
 Ensorcelled Hibernation  Hex/Ice        74%        N/A       1%          2
 Call Canine Familiar     Summ           39%        N/A       2%          3
 Beastly Appendage        Tmut           20%        N/A       8%          1
 Sandblast                Erth           20%        2d7       8%          1
 Summon Guardian Golem    Hex/Summ       24%        N/A       8%          3
 Blink                    Tloc           20%        N/A       12%         2
 Lesser Beckoning         Tloc           20%        N/A       12%         2
 Momentum Strike          Conj/Tloc      20%        3d8       12%         2
 Passwall                 Tmut/Erth      8%         N/A       12%         2
 Wereblood                Tmut           10%        N/A       12%         2
 Ignite Poison            Fire/Tmut/Pois 10%        N/A       24%         3
 Spider Form              Tmut/Pois      10%        N/A       24%         3
 Swiftness                Air            10%        N/A       24%         3
 Sticky Flame             Conj/Fire      10%        2d3       61%         4
 Borgnjor's Vile Clutch   Necr/Erth      5%         N/A       91%         5
 Lee's Rapid Deconstruct  Erth           5%         3d6*      91%         5
 Iron Shot                Conj/Erth      5%         9d2       100%        6
 Ignition                 Fire           5%         3d4       100%        8


Dungeon Overview and Level Annotations

Branches:
Dungeon (11/15)            Temple (1/1) D:5            Lair (2/5) D:11
    Orc (0/2) D:11          Sewer (visited)
  Swamp: Lair:2-3    Shoals: Lair:2-3     Snake: Lair:2-3    Spider: Lair:2-3

Altars:
Ashenzari
Cheibriados
Dithmenos
Fedhas
Gozag
Hepliaklqana
Kikubaaqudgha
Makhleb
Nemelex Xobeh
Okawaru
Qazlal
Ru
Sif Muna
Trog
Uskayaw
Vehumet
Wu Jian
Xom
Yredelemnul

Shops:
D:8 [   D:9 ?   D:10 :   D:11 [

Annotations:
D:5 3 runed translucent doors, elongatedgoose's ghost, novice SpBr


Innate Abilities, Weirdness & Mutations

You are mostly covered in thin metallic scales. (AC +3)
You sometimes gain power by taking damage.
You regenerate magic rapidly.
You have a small tail.
You passively map a small area around you.


Message History

The six-headed hydra bites you but does no damage.
The six-headed hydra bites you.
The six-headed hydra bites you but does no damage. x3
You have turned to stone.
The wall freezes the six-headed hydra!
The six-headed hydra bites you but does no damage. x6
The wall freezes the six-headed hydra!
The six-headed hydra seems to slow down.
The six-headed hydra bites you. x2
* * * LOW HITPOINT WARNING * * *
The six-headed hydra bites you but does no damage. x2
The six-headed hydra bites you!
* * * LOW HITPOINT WARNING * * *
The six-headed hydra bites you.
* * * LOW HITPOINT WARNING * * *
The frozen ramparts melt away.
The six-headed hydra bites you but does no damage.
The six-headed hydra bites you!
* * * LOW HITPOINT WARNING * * *
The six-headed hydra bites you but does no damage. x2
The six-headed hydra bites you.
* * * LOW HITPOINT WARNING * * *
The six-headed hydra bites you but does no damage.
The six-headed hydra bites you.
* * * LOW HITPOINT WARNING * * *
The six-headed hydra bites you!
* * * LOW HITPOINT WARNING * * *
The six-headed hydra bites you.
* * * LOW HITPOINT WARNING * * *
The six-headed hydra bites you.
* * * LOW HITPOINT WARNING * * *
The six-headed hydra bites you!
* * * LOW HITPOINT WARNING * * *
The six-headed hydra bites you but does no damage.
The six-headed hydra bites you.
* * * LOW HITPOINT WARNING * * *
The six-headed hydra bites you but does no damage. x5
The six-headed hydra bites you but does no damage.
The six-headed hydra bites you!
You die...

, , .##....... , , *
#.......#### , *
###..⌠...#.#.## #
#.............# .. ,,
#............+... **
* ..+.⌠.<.⌠..⌠.......
..?..)..............
,⌠.##.......!........
, #...⌠..##@####.#
,...##.....Y#D# , ...
#...... ... , , ...
...#...⌠...+.. , ..
.....#......# ... , ,
....<..#...... .., ,
* ###.######...#. .
.### * ,, * *


You could see a six-headed hydra (slow, ally target) and a friendly ice beast
(summoned).

Vanquished Creatures
  The ghost of hgbash the Fighter, a journeyman MiFi of Hepliaklqana (D:10)
  Pikel (D:5)
  An ugly thing (D:11)
  A manticore (D:9)
  A black mamba (Lair:1)
  2 cane toads (Lair:1)
  A komodo dragon (Lair:1)
  4 rime drakes
  A troll (D:10)
  2 polar bears (D:11)
  Sigmund (D:2)
  2 wyverns (Lair:1)
  A ynoxinul (D:10)
  13 yaks
  A basilisk (Lair:2)
  A wraith (D:11)
  Eustachio (D:5)
  A steam dragon (D:6)
  4 vampire mosquitoes (D:10)
  Menkaure (D:4)
  An acid dragon (D:9)
  2 water moccasins (Lair:1)
  4 orc warriors
  3 black bears
  6 ice beasts (D:11)
  2 sky beasts (D:8)
  An ogre (D:6)
  5 wolves
  3 lemures (D:5)
  5 centaurs
  7 bullfrogs
  4 kobold brigands
  4 scorpions
  10 killer bees
  3 electric eels (D:11)
  A howler monkey (D:6)
  2 jellies
  2 orc priests
  A hound (D:4)
  Crazy Yiuf (D:2)
  3 gnoll boudas
  A sleepcap (D:4)
  7 orc wizards
  5 iguanas
  Robin (D:4)
  9 gnolls
  10 adders
  A river rat (D:5)
  2 white imps (D:7)
  2 ufetubi
  3 worms
  4 dart slugs
  20 orcs
  13 endoplasms
  9 giant cockroaches
  9 goblins
  11 hobgoblins
  4 jackals
  16 quokkas
  10 ball pythons
  4 bats
  7 frilled lizards
  22 kobolds
  8 rats
289 creatures vanquished.

Vanquished Creatures (collateral kills)
  A gargoyle (D:10)
  An unseen horror (D:11)
  4 yaks
  A sky beast (D:6)
  An ice beast (D:11)
  5 killer bees
  An electric eel (D:11)
  A hound (D:6)
  4 orc wizards
  7 orcs
  A kobold (D:6)
  A bush (D:10)
28 creatures vanquished.

Vanquished Creatures (others)
  3 fungi (Lair:1)
  6 plants
9 creatures vanquished.

Grand Total: 326 creatures vanquished

Notes
Turn   | Place    | Note
-------+----------+-------------------------------------------
     0 | D:1      | gelatine the Demonspawn Ice Elementalist began the quest
                  | for the Orb.
     0 | D:1      | Reached XP level 1. HP: 13/13 MP: 3/3
   258 | D:1      | Gained mutation: You have a small tail. [demonic ancestry]
   258 | D:1      | Reached XP level 2. HP: 15/19 MP: 0/5
   477 | D:1      | Reached skill level 4 in Ice Magic
   660 | D:1      | Found a faded altar of an unknown god.
   908 | D:2      | Reached XP level 3. HP: 24/24 MP: 4/6
   995 | D:2      | Reached skill level 1 in Fighting
  1262 | D:2      | Noticed Sigmund
  1270 | D:2      | Killed Sigmund
  1271 | D:2      | Reached XP level 4. HP: 33/33 MP: 3/8
  1271 | D:2      | Gained mutation: You are partially covered in thin metallic
                  | scales. (AC +2) [demonic ancestry]
  1271 | D:2      | Reached XP level 5. HP: 38/38 MP: 3/9
  1790 | D:2      | Found a runed translucent door.
  1791 | D:2      | Noticed Crazy Yiuf
  1799 | D:2      | Killed Crazy Yiuf
  1800 | D:2      | Reached skill level 5 in Ice Magic
  2170 | D:3      | Gained mutation: You are mostly covered in thin metallic
                  | scales. (AC +3) [demonic ancestry]
  2170 | D:3      | Reached XP level 6. HP: 44/44 MP: 7/10
  2493 | D:3      | Learned a level 3 spell: Frozen Ramparts
  2497 | D:3      | Learned a level 3 spell: Ozocubu's Armour
  2502 | D:3      | Learned a level 4 spell: Summon Ice Beast
  3024 | D:4      | Noticed a +0 dagger
  3025 | D:4      | Noticed a +0 short sword
  3079 | D:4      | Noticed Menkaure
  3091 | D:4      | Killed Menkaure
  3092 | D:4      | Reached skill level 1 in Short Blades
  3468 | D:4      | Reached skill level 1 in Summonings
  3468 | D:4      | Gained mutation: You sometimes gain a little power by
                  | taking damage. [demonic ancestry]
  3468 | D:4      | Reached XP level 7. HP: 45/51 MP: 4/12
  3676 | D:4      | Noticed Robin
  3699 | D:4      | Killed Robin
  3827 | D:4      | Noticed a +0 dagger
  3828 | D:4      | Noticed a +0 falchion
  3829 | D:4      | Noticed a +0 short sword
  3829 | D:4      | Noticed a +0 spear
  3830 | D:4      | Noticed a +0 spear
  3831 | D:4      | Noticed a +0 falchion
  3832 | D:4      | Found a hide-covered altar of Uskayaw.
  4036 | D:5      | Entered Level 5 of the Dungeon
  4094 | D:5      | Noticed Eustachio
  4116 | D:5      | Killed Eustachio
  4442 | D:5      | Found a glowing drain.
  4446 | Sewer    | Entered a sewer
  4653 | Sewer    | Reached skill level 6 in Ice Magic
  5027 | Sewer    | Reached XP level 8. HP: 39/57 MP: 3/14
  5276 | D:5      | Noticed Pikel
  5289 | D:5      | Killed Pikel
  5379 | D:5      | Found a runed translucent gate.
  5380 | D:5      | Found a runed translucent gate.
  5381 | D:5      | Found a runed translucent gate.
  5385 | D:5      | Noticed elongatedgoose's ghost (novice SpBr)
  5400 | D:5      | Identified the ring of the Everdark {Int+2 Dex+6}
  5734 | D:5      | Found a staircase to the Ecumenical Temple.
  5749 | Temple   | Entered the Ecumenical Temple
  6117 | D:6      | Reached skill level 7 in Ice Magic
  6191 | D:6      | Reached XP level 9. HP: 44/64 MP: 8/16
  6195 | D:6      | Reached skill level 5 in Spellcasting
  6467 | D:6      | Found a sacrificial altar of Ru.
  6759 | D:6      | Gained mutation: Your muscles are strong. (Str +4, Int/Dex
                  | -1) [potion of mutation]
  6759 | D:6      | Gained mutation: You passively map a small area around you.
                  | [potion of mutation]
  6759 | D:6      | Lost mutation: Your muscles are strong. (Str +4, Int/Dex
                  | -1) [potion of mutation]
  7000 | D:7      | Reached skill level 5 in Short Blades
  7057 | D:7      | Found a shimmering altar of Xom.
  7058 | D:7      | Found a sparkling altar of Nemelex Xobeh.
  7058 | D:7      | Found an opulent altar of Gozag.
  7134 | D:7      | You fall into a shaft and drop 3 floors!
  7134 | D:10     | Entered Level 10 of the Dungeon
  7139 | D:9      | Found Oshimij's Magic Scroll Emporium.
  7867 | D:7      | Reached skill level 8 in Ice Magic
  7873 | D:7      | Identified the amulet "Itarghit" {RegenMP Int+3}
  8186 | D:8      | Identified the orb of Topnit {*Rage, Contam rPois Slay+6
                  | SInv}
  8410 | D:8      | Found a transporter.
  8433 | D:8      | Found a transporter.
  8435 | D:8      | Found a transporter.
  8631 | D:8      | Found Fecar's Antique Armour Shop.
  8663 | D:8      | Bought a runed robe for 129 gold pieces
  8663 | D:8      | Bought a runed robe for 129 gold pieces
  8689 | D:8      | Gained mutation: You regenerate magic rapidly. [demonic
                  | ancestry]
  8689 | D:8      | Reached XP level 10. HP: 72/72 MP: 19/19
  8746 | D:8      | Found a transporter.
  9064 | D:9      | Reached skill level 5 in Stealth
  9086 | D:9      | Reached skill level 1 in Armour
  9088 | D:9      | Reached skill level 1 in Evocations
  9193 | D:9      | Identified the +5 plate armour of Vehumet's Displeasure
                  | {rPois MP-9 Str+6 Stlth+}
  9271 | D:9      | Noticed a manticore
  9278 | D:9      | Killed a manticore
  9777 | D:10     | Noticed hgbash's ghost (journeyman MiFi)
  9823 | D:10     | Found Wiffirch's Tiny Tomes.
  9893 | D:10     | Reached skill level 9 in Ice Magic
  9904 | D:10     | Found a runed translucent door.
 10066 | D:10     | Noticed a gargoyle
 10076 | D:10     | Killed a gargoyle
 10077 | D:10     | Reached skill level 5 in Dodging
 10114 | D:10     | Reached skill level 5 in Fighting
 10193 | D:10     | Gained mutation: You sometimes gain power by taking damage.
                  | [demonic ancestry]
 10193 | D:10     | Reached XP level 11. HP: 79/79 MP: 9/21
 10442 | D:10     | Killed hgbash's ghost
 10443 | D:10     | Reached skill level 5 in Summonings
 10455 | D:10     | Got Kumnus's Discursus on Scree
 10494 | D:11     | Found Taumnit's Armour Shop.
 10502 | D:11     | Found a staircase to the Orcish Mines.
 10805 | D:11     | Found a staircase to the Lair.
 10814 | D:11     | Noticed a red ugly thing
 10832 | D:11     | Killed a red ugly thing
 11213 | Lair:1   | Entered Level 1 of the Lair of Beasts
 11246 | Lair:1   | Identified the +3 long sword "Jibueh" {protect, rElec rPois
                  | rF+ rC-}
 11302 | Lair:1   | Reached skill level 10 in Ice Magic
 12267 | Lair:2   | Noticed a six-headed hydra
 12281 | Lair:2   | HP: 3/81 [six-headed hydra (3)]
 12284 | Lair:2   | Slain by a six-headed hydra

Illustrated notes

Levels and vault maps discovered:
D:1:      psy_arrival_radial02, layout_rooms, nicolae_ecumenical_lake_church,
          hangedman_feature_mirror, minmay_tall_x
D:2:      layout_loops_ring, hangedman_decor_diamond_cutter,
          uniq_crazy_yiuf_cottage, uniq_sigmund
D:3:      wad_lake_hut, layout_rooms, serial_bayou, serial_bayou_pond_a,
          serial_bayou_pond_a, serial_bayou_ford_a, serial_bayou_crossing,
          chequers_mini_garden
D:4:      layout_rooms, nicolae_uskayaw_en_pointe, eino_tiny_chamber,
          uniq_menkaure, uniq_robin
D:5:      layout_cave_pools, minmay_temple_entry_antechambers,
          gammafunk_ghost_necromancy, gup_sewer_entry_bowl, uniq_pikel,
          uniq_eustachio
D:6:      layout_rooms, kennysheep_mini_moat
D:7:      layout_basic, chequers_temple_overflow_statue_of_worship,
          columned_hall_lemuel
D:8:      layout_loops_cross, serial_shops, nicolae_shop_tiny_statue_garden,
          chequers_garden, nicolae_diode_intersection
D:9:      layout_loops_ring, nicolae_concentric_dashed_squares_wild,
          nicolae_stop_n_shop_2
D:10:     layout_roguey, hellmonk_ghost_big_iron,
          nicolae_shop_i_like_small_books_too
D:11:     layout_basic, hellmonk_lair_entry_icy, orc_0_dummy, serial_shops,
          shop, chequers_serial_rivers_room_a
Temple:   regret_index_temple_sphere_string
Lair:1:   layout_cave_pods, grunt_megastairs_2, serial_bayou_shore_b
Lair:2:   layout_regular_city, ebering_ghost_disaster_area,
          pdpol_lair_cavern_descent, grunt_megastairs_3

Skill      XL: |  1  2  3  4  5  6  7  8  9 10 11 |
---------------+----------------------------------+-----
Ice Magic      | 4 5 6 7 8 9 10 | 10.3
Stealth        | 2 3 4 5 6 |  6.3
Dodging        | 2 3 4 5 |  5.7
Fighting       | 1 2 3 4 5 |  5.9
Spellcasting   | 3 4 6 7 |  7.8
Short Blades   | 1 2 4 5 6 7 |  7.7
Summonings     | 1 3 4 5 |  5.6
Armour         | 2 3 |  3.4
Evocations     | 2 3 |  3.6

Action                     |  1- 3 |  4- 6 |  7- 9 | 10-12 || total
---------------------------+-------+-------+-------+-------++-------
  Melee: Short sword       |    15 |    44 |   113 |   101 ||   273
         Tailslap          |     1 |     4 |    13 |    26 ||    44
         Punch             |       |     2 |       |       ||     2
         Unarmed           |       |       |     5 |       ||     5
   Cast: Freeze            |    55 |    29 |   184 |   138 ||   406
         Frozen Ramparts   |       |     4 |    16 |    32 ||    52
         Ozocubu's Armour  |       |     4 |    14 |    22 ||    40
         Summon Ice Beast  |       |     1 |     8 |    23 ||    32
  Evoke: Piece from Xom's  |       |       |     1 |     4 ||     5
    Use: Scroll            |       |       |    21 |     2 ||    23
         Potion            |       |       |     2 |     2 ||     4
   Stab: Sleeping          |     2 |     5 |     2 |       ||     9
         Distracted        |       |       |       |     2 ||     2
 Armour: Robe              |     5 |    15 |   147 |    16 ||   183
         Skin              |       |       |     3 |       ||     3
         Troll leather arm |       |       |       |   180 ||   180
  Dodge: Dodged            |    31 |    40 |   238 |   221 ||   530

Table legend: (Time is in decaauts)
 A = Elapsed time spent in this place.
 B = Non-inter-level travel time spent in this place.
 C = Inter-level travel time spent in this place.
 D = Time resting spent in this place.
 E = Time spent auto-exploring this place.
 F = Levels seen in this place.
 G = Mean time per level.
                   A        B        C        D        E       F      G
               +--------+--------+--------+--------+--------+-----+--------+
         Total |  12466 |  11916 |    550 |      1 |   9581 |  15 |  831.1 |
       Dungeon |  10443 |   9954 |    489 |      1 |   8038 |  11 |  949.4 |
        Temple |    213 |    160 |     53 |      0 |    122 |   1 |  213.0 |
          Lair |   1072 |   1064 |      8 |      0 |    899 |   2 |  536.0 |
         Sewer |    737 |    737 |      0 |      0 |    521 |   1 |  737.0 |
               +--------+--------+--------+--------+--------+-----+--------+

Top non-repeatable levels by time:
     D:2: 1233 daAuts
     D:5: 1194 daAuts
     D:7: 1161 daAuts
  Lair:1: 1039 daAuts
     D:4: 1024 daAuts
     D:8: 972 daAuts
     D:3: 965 daAuts
     D:1: 886 daAuts
     D:9: 839 daAuts
    D:10: 828 daAuts
   Sewer: 737 daAuts
     D:6: 668 daAuts
    D:11: 668 daAuts
  Temple: 213 daAuts
  Lair:2: 33 daAuts
